 Dungeon Crawl Stone Soup version 0.23.1 (webtiles) character file.

Game seed: 8005718774080053308

7613 Yunesin the Cleaver (level 11, 0/97 HPs)
             Began as a Hill Orc Fighter on Mar 15, 2019.
             Was a Believer of Beogh.
             Slain by an unseen horror (5 damage)
             ... on level 10 of the Dungeon.
             The game lasted 00:55:01 (10128 turns).

Yunesin the Cleaver (Hill Orc Fighter)             Turns: 10128, Time: 00:55:01

Health: 0/97       AC: 16    Str: 20    XL:     11   Next: 18%
Magic:  16/16      EV:  5    Int: 11    God:    Beogh [**....]
Gold:   564        SH: 12    Dex: 10    Spells: 10/10 levels left

rFire    . . .     SeeInvis .   a - +0 war axe
rCold    . . .     Gourm    .   c - +1 shield
rNeg     . . .     Faith    .   A - +0 plate armour
rPois    .         Spirit   .   j - +0 helmet
rElec    .         Reflect  .   (no cloak)
rCorr    .         Harm     .   l - +0 pair of gloves
MR       .....                  (no boots)
Stlth    ..........             i - amulet of rage
HPRegen  0.26/turn              x - ring of stealth
MPRegen  0.15/turn              G - ring of flight

@: no status effects
A: no striking features
a: Smiting, Renounce Religion, Evoke Berserk Rage, Evoke Flight


You were on level 10 of the Dungeon.
You worshipped Beogh.
Beogh was pleased with you.
You were not hungry.

You visited 2 branches of the dungeon, and saw 11 of its levels.

You collected 564 gold pieces.

Inventory:

Hand Weapons
 a - a +0 war axe (weapon)
 D - a +3 battleaxe
Missiles
 u - 8 tomahawks (quivered)
Armour
 c - a +1 shield (worn)
 j - a +0 helmet (worn)
 l - a +0 pair of gloves (worn)
 A - a +0 plate armour (worn)
Jewellery
 i - an amulet of rage (around neck)
 q - an uncursed ring of positive energy
 r - an uncursed ring of magical power
 x - a ring of stealth (left hand)
 G - a ring of flight (right hand)
 H - a cursed -5 ring of protection {unknown}
 P - an uncursed ring of stealth
Wands
 s - a wand of iceblast (6)
 y - a wand of digging (6)
Scrolls
 b - a scroll of amnesia
 d - 4 scrolls of remove curse
 e - 5 scrolls of identify
 g - a scroll of immolation
 h - 2 scrolls of fear
 p - a scroll of teleportation
 t - a scroll of fog
 w - 2 scrolls of magic mapping
 z - a scroll of blinking {unknown}
 E - a scroll of enchant weapon {unknown}
 J - 4 scrolls of enchant armour
 M - a scroll of acquirement {unknown}
Potions
 k - a potion of agility {unknown}
 m - 2 potions of haste
 n - 3 potions of resistance
 o - 2 potions of flight
 v - a potion of mutation {unknown}
 B - a potion of lignification
 C - a potion of brilliance {unknown}
 F - a potion of cancellation {unknown}
 I - a potion of ambrosia {unknown}
 O - a potion of degeneration {unknown}
Comestibles
 f - 15 rations


   Skills:
 + Level 9.4 Fighting
 * Level 13.1 Axes
 + Level 8.5 Armour
 + Level 8.6 Shields
 + Level 6.7 Invocations


You had 10 spell levels left.
You didn't know any spells.
Your spell library contained the following spells:

 Spells                   Type           Power        Failure   Level  Hunger
 Summon Butterflies       Summ           #.......     100%        1    ##.....
 Call Canine Familiar     Summ           #.......     100%        3    ####...
 Summon Ice Beast         Ice/Summ       #.......     100%        4    #####..
 Summon Mana Viper        Hex/Summ       #.......     100%        5    ######.
 Summon Hydra             Summ           #.........   100%        7    #######


Dungeon Overview and Level Annotations

Branches:
Dungeon (10/15)            Temple (1/1) D:4            Lair (0/6) D:10
    Orc: D:9-12

Altars:
Ashenzari
Cheibriados
Dithmenos
Elyvilon
Fedhas
Gozag
Hepliaklqana
Kikubaaqudgha
Makhleb
Nemelex Xobeh
Okawaru
Qazlal
Ru
Sif Muna
Trog
Uskayaw
Vehumet
Wu Jian
Xom
Yredelemnul
Zin
The Shining One

Shops:
D:9 [

Annotations:
D:7 3 runed translucent doors, Flogoulo's ghost, novice HOAK; Ymberto's ghost, novice NaTm; Yunesin's ghost, novice HOFi


Message History

You slash something! You block something's attack.
Something hits you but does no damage. Something hits you but does no damage.
You block something's attack. Something hits you.
* * * LOW HITPOINT WARNING * * *
Something hits you but does no damage. You block something's attack.
Something hits you.
* * * LOW HITPOINT WARNING * * *
Something hits you but does no damage. Something hits you but does no damage.
Something hits you.
* * * LOW HITPOINT WARNING * * *
Something hits you.
* * * LOW HITPOINT WARNING * * *
Your shield and plate armour prevent you from hitting something.
Something hits you.
* * * LOW HITPOINT WARNING * * *
You miss something. Something hits you.
You die...

#####.............
#...).............
###(#.............
#(#.......##.###
#.#.......# #
#.#.......#
#.#.......#
#.#########
#......@.#
########.# #.####
####.#.># #.......#
#.......#
#.......############
#......))).....)...#
#.......#########(##


There were no monsters in sight!

Vanquished Creatures
  2 two-headed ogres
  Pikel (D:4)
  A troll (D:9)
  A spriggan (D:9)
  3 hungry ghosts
  A sky beast (D:5)
  4 orc warriors
  2 hornet zombies
  3 phantoms
  2 ice beasts
  7 ogres
  5 centaurs
  A big kobold (D:7)
  3 bullfrogs
  2 scorpions
  13 killer bees
  10 wights
  8 howler monkeys
  4 crimson imps
  2 bullfrog zombies
  2 centaur zombies
  8 hounds
  3 orc priests
  2 bullfrog skeletons
  9 orc wizards
  A centaur skeleton (D:7)
  3 iguanas
  4 worker ants
  A hound zombie (D:7)
  2 worker ant zombies (D:6)
  10 adders
  A shadow imp (D:5)
  4 oozes
  2 adder zombies
  An adder skeleton (D:6)
  2 worms
  3 dart slugs
  4 leopard geckos
  29 orcs
  3 giant cockroaches
  5 goblins
  10 hobgoblins
  12 jackals
  3 quokkas
  3 ball pythons
  13 bats
  7 frilled lizards
  A jackal zombie (D:9)
  13 kobolds
  11 rats
247 creatures vanquished.

Vanquished Creatures (others)
  2 slaves (D:4)
  2 orc wizards (D:4)
  A ball python skeleton (D:4)
  A bush (D:7)
  4 withered plants (D:7)
10 creatures vanquished.

Grand Total: 257 creatures vanquished

Notes
Turn   | Place    | Note
-------+----------+-------------------------------------------
     0 | D:1      | Yunesin the Hill Orc Fighter began the quest for the Orb.
     0 | D:1      | Reached XP level 1. HP: 19/19 MP: 1/1
    42 | D:1      | Reached skill level 3 in Axes
    45 | D:1      | Reached XP level 2. HP: 8/27 MP: 2/2
   741 | D:2      | Noticed a +0 hand axe
   742 | D:2      | Noticed a +0 dagger
   745 | D:2      | Reached XP level 3. HP: 32/33 MP: 3/3
   750 | D:2      | Found a hide-covered altar of Uskayaw.
  1383 | D:2      | Reached skill level 4 in Axes
  1401 | D:2      | Reached XP level 4. HP: 40/40 MP: 4/4
  1550 | D:2      | Found a shimmering altar of Xom.
  2153 | D:3      | Reached XP level 5. HP: 29/47 MP: 5/5
  2279 | D:3      | Reached skill level 5 in Axes
  2474 | D:4      | Noticed Pikel
  2475 | D:4      | Noticed a slave
  2478 | D:4      | Noticed a slave
  2478 | D:4      | Noticed a slave
  2480 | D:4      | Noticed a slave
  2509 | D:4      | Killed Pikel
  2509 | D:4      | Reached skill level 5 in Fighting
  2509 | D:4      | Reached skill level 7 in Axes
  2509 | D:4      | Reached skill level 5 in Armour
  2509 | D:4      | Reached skill level 5 in Shields
  2509 | D:4      | Reached XP level 6. HP: 6/56 MP: 6/6
  2509 | D:4      | Reached XP level 7. HP: 7/61 MP: 7/7
  2606 | D:4      | Found a shadowy altar of Dithmenos.
  2818 | D:4      | You fall through a shaft for 3 floors!
  3355 | D:6      | Reached XP level 8. HP: 46/70 MP: 8/8
  3490 | D:6      | Reached skill level 8 in Axes
  3734 | D:5      | Entered Level 5 of the Dungeon
  3756 | D:5      | Reached skill level 9 in Axes
  3771 | D:5      | Found a shattered altar of Ashenzari.
  4111 | D:4      | Found a bloodstained altar of Trog.
  4216 | D:4      | Found a staircase to the Ecumenical Temple.
  4220 | Temple   | Entered the Ecumenical Temple
  4473 | D:4      | Became a worshipper of Beogh the Brigand
  4660 | D:5      | Found a glowing silver altar of Zin.
  4668 | D:5      | Reached XP level 9. HP: 78/78 MP: 9/9
  4879 | D:5      | Found a snail-covered altar of Cheibriados.
  5058 | D:5      | Reached skill level 1 in Invocations
  5388 | D:6      | Reached skill level 10 in Axes
  6020 | D:7      | Found a burning altar of Makhleb.
  6105 | D:7      | Found a runed translucent gate.
  6113 | D:7      | Found a runed translucent gate.
  6114 | D:7      | Found a runed translucent gate.
  6115 | D:7      | Noticed Ymberto's ghost (novice NaTm)
  6115 | D:7      | Noticed Flogoulo's ghost (novice HOAK)
  6115 | D:7      | Noticed Yunesin's ghost (novice HOFi)
  6133 | D:6      | Reached * piety under Beogh
  6631 | D:7      | Reached skill level 11 in Axes
  6640 | D:7      | You fall through a shaft for 3 floors!
  6640 | D:10     | Entered Level 10 of the Dungeon
  6768 | D:9      | Found a blossoming altar of Fedhas.
  6804 | D:8      | Found a stormy altar of Qazlal.
  6815 | D:8      | Reached XP level 10. HP: 66/88 MP: 11/13
  7089 | D:8      | Found an iron altar of Okawaru.
  7666 | D:8      | Reached ** piety under Beogh
  7956 | D:9      | Found Vuth's Antique Armour Emporium.
  8019 | D:9      | Reached skill level 5 in Invocations
  8059 | D:9      | Found a sparkling altar of Nemelex Xobeh.
  8430 | D:9      | Reached skill level 12 in Axes
  8459 | D:9      | Found a shattered altar of Ashenzari.
  9065 | D:9      | Noticed a two-headed ogre
  9281 | D:9      | Killed a two-headed ogre
  9756 | D:10     | Reached XP level 11. HP: 92/97 MP: 15/15
  9799 | D:10     | Found a staircase to the Lair.
  9858 | D:10     | Noticed a two-headed ogre
  9864 | D:10     | Killed a two-headed ogre
  9864 | D:10     | Reached skill level 13 in Axes
 10127 | D:10     | HP: 4/97 [something (4)]
 10128 | D:10     | Slain by an unseen horror

Skill      XL: |  1  2  3  4  5  6  7  8  9 10 11 |
---------------+----------------------------------+-----
Axes           | 3 4 7 9 11 12 13 | 13.1
Fighting       | 4 5 6 8 9 |  9.4
Shields        | 4 5 6 7 8 |  8.6
Armour         | 4 5 6 7 8 |  8.5
Invocations    | 4 6 |  6.7

Action                   |  1- 3 |  4- 6 |  7- 9 | 10-12 || total
-------------------------+-------+-------+-------+-------++-------
Melee: War axe           |   135 |   195 |   468 |   422 ||  1220
Throw: Tomahawk          |       |       |     4 |       ||     4
Invok: Convert to Beogh  |       |       |     1 |       ||     1
       Smiting           |       |       |       |     7 ||     7
 Abil: Evoke Berserk Rag |       |       |       |     1 ||     1
Evoke: Wand              |       |       |     6 |     8 ||    14
  Use: Scroll            |     5 |     5 |       |       ||    10
       Potion            |       |     2 |     3 |     5 ||    10
 Stab: Paralysed         |       |       |    12 |       ||    12
  Eat: Chunk             |     2 |     4 |     9 |     9 ||    24
       Ration            |       |       |     5 |     2 ||     7
Armor: Scale mail        |    76 |    45 |    47 |       ||   168
       Ring mail         |       |    71 |       |       ||    71
       Plate armour      |       |       |   140 |   239 ||   379
       Skin              |       |       |       |    16 ||    16
Dodge: Dodged            |    47 |    89 |    62 |    73 ||   271
Block: Shield            |    74 |   139 |   263 |   259 ||   735
